 Dungeon Crawl Stone Soup version 0.27-a0-681-g0c81a3c1c3 (webtiles) character file.

Game seed: 8057543159994948976

224 robertstho the Chiller (level 6, -4/44 HPs)
             Began as a Gnoll Ice Elementalist on Mar 19, 2021.
             Slain by Sigmund
             ... wielding a +0 scythe of venom
              (7 damage)
             ... on level 3 of the Dungeon.
             The game lasted 00:05:56 (2507 turns).

robertstho the Chiller (Gnoll Ice Elementalist)     Turns: 2507, Time: 00:05:57

Health: -4/44      AC:  2    Str:  8    XL:     6   Next: 0%
Magic:  6/13       EV: 13    Int: 16    God:
Gold:   63         SH:  0    Dex: 12    Spells: 8/15 levels left

rFire    . . .     SeeInvis .   m - +1 war axe (freeze)
rCold    . . .     Faith    .   (no shield)
rNeg     . . .     Spirit   .   a - +0 robe
rPois    .         Reflect  .   (no helmet)
rElec    .         Harm     .   (no cloak)
rCorr    .         Rampage  .   (no gloves)
Will     .....                  (no boots)
Stlth    +++.......             (no amulet)
HPRegen  0.14/turn              (no ring)
MPRegen  0.13/turn              (no ring)

@: mighty, lethally poisoned (-4 -> -37), hasted, very quick
A: fangs 1, strong nose, distributed training
a: no special abilities


You were on level 3 of the Dungeon.
You visited 1 branch of the dungeon, and saw 3 of its levels.

You collected 63 gold pieces.

Inventory:

Hand Weapons
 c - a +1 dagger
 m - a +1 war axe of freezing (weapon)
Armour
 a - a +0 robe (worn)
Wands
 j - a wand of paralysis (10)
Scrolls
 b - a scroll of amnesia
 h - a scroll of magic mapping {unknown}
 i - a scroll of immolation {unknown}
 l - a scroll of silence {unknown}
Potions
 f - a potion of flight
 k - a potion of resistance


   Skills:
 + Level 1.7 Fighting
 + Level 1.7 Short Blades
 + Level 1.7 Long Blades
 + Level 1.7 Axes
 + Level 1.7 Maces & Flails
 + Level 1.7 Polearms
 + Level 1.7 Staves
 + Level 1.7 Slings
 + Level 1.7 Bows
 + Level 1.7 Crossbows
 + Level 1.7 Throwing
 + Level 1.7 Armour
 + Level 4.9 Dodging
 + Level 4.5 Stealth
 + Level 1.7 Shields
 + Level 1.7 Unarmed Combat
 + Level 5.2 Spellcasting
 + Level 1.3 Conjurations
 + Level 1.3 Hexes
 + Level 1.3 Summonings
 + Level 1.3 Necromancy
 + Level 1.3 Translocations
 + Level 1.3 Transmutations
 + Level 1.3 Fire Magic
 + Level 7.2 Ice Magic
 + Level 1.3 Air Magic
 + Level 1.3 Earth Magic
 + Level 1.3 Poison Magic
 + Level 1.9 Invocations
 + Level 1.7 Evocations


You had 8 spell levels left.
You knew the following spells:

 Your Spells              Type           Power      Damage    Failure   Level
a - Freeze                Ice            100%       1d11      1%          1
b - Frozen Ramparts       Ice            54%        1d7       2%          3
c - Ozocubu's Armour      Ice            27%        N/A       2%          3

Your spell library contained the following spells:

 Spells                   Type           Power      Damage    Failure   Level
 Ensorcelled Hibernation  Hex/Ice        36%        N/A       3%          2
 Corona                   Hex            8%         N/A       9%          1
 Confusing Touch          Hex            8%         N/A       26%         3
 Dazzling Flash           Conj/Hex       16%        N/A       26%         3
 Tukima's Dance           Hex            8%         N/A       26%         3
 Hailstorm                Conj/Ice       18%        3d6       26%         4
 Summon Ice Beast         Ice/Summ       18%        N/A       26%         4


Dungeon Overview and Level Annotations

Branches:
Dungeon (3/15)

Altars:
Hepliaklqana

Annotations:
D:3 Sigmund


Innate Abilities, Weirdness & Mutations

You have very sharp teeth.
Your uncanny sense of smell can sniff out nearby items.
Your experience applies equally to all skills.


Message History

Casting: Freeze (safe; 1% risk of failure)
Confirm with . or Enter, or press ? or * to list all spells.
A film of ice covers your body!
The wall freezes something.
Something hits you.
You are poisoned.
Unknown command.
Casting: Ozocubu's Armour (dangerous; 2% risk of failure)
Confirm with . or Enter, or press ? or * to list all spells.
You don't know that spell.
Unknown command.
It was a potion of flight.
You feel very buoyant.
You fly up into the air.
You feel sick.
The wall freezes something.
Something completely misses you.
It was a potion of resistance.
You feel protected.
You feel sick.
The wall freezes something!
Something hits you but does no damage.
You are more poisoned.
It was a potion of cancellation.
Your magical effects are unravelling.
You feel magically purged.
Your icy armour evaporates.
You float gracefully downwards.
The frozen ramparts melt away as you move.
Your resistance to elements expires.
You feel sick. Something hits you.
* * * LOW HITPOINT WARNING * * *
You are more poisoned.
It was a potion of haste.
You feel yourself speed up.
* * * LOW HITPOINT WARNING * * *
You feel sick. Something hits you.
* * * LOW HITPOINT WARNING * * *
You are more poisoned.
* * * LOW HITPOINT WARNING * * *
You feel sick.
It was a potion of might.
You feel very mighty all of a sudden.
* * * LOW HITPOINT WARNING * * *
You feel sick. Something hits you!
You die...

#. .# .# #.
##.###.##.# ...
..(....... ..#
##.#.#......... #
..
#....#.#.....##.#
#.##...
..#.#.#........#
.....#
#.#.#.##†.......
#....# #.#....@...#
..####
#........#......
#.# #.....#.##
##### #.......# #..
#.....####
#...###....# ..
#...# #.>..#..#
#####...###.......#
#.........#...##.##


There were no monsters in sight!

Vanquished Creatures
  An orc priest (D:3)
  Natasha (D:3)
  2 orc wizards (D:3)
  3 adders
  An ooze (D:1)
  A worm (D:2)
  2 dart slugs
  A leopard gecko (D:2)
  12 orcs
  2 giant cockroaches
  6 goblins
  10 hobgoblins
  2 quokkas (D:1)
  7 bats
  3 frilled lizards
  9 kobolds
  10 rats
73 creatures vanquished.

Notes
Turn   | Place    | Note
-------+----------+-------------------------------------------
     0 | D:1      | robertstho the Gnoll Ice Elementalist began the quest for
                  | the Orb.
     0 | D:1      | Reached XP level 1. HP: 13/13 MP: 6/6
   101 | D:1      | Reached XP level 2. HP: 17/19 MP: 3/7
   648 | D:1      | Reached skill level 5 in Spellcasting
   648 | D:1      | Reached XP level 3. HP: 25/25 MP: 7/9
   945 | D:1      | Learned a level 3 spell: Frozen Ramparts
   949 | D:1      | Learned a level 3 spell: Ozocubu's Armour
  1053 | D:2      | Reached skill level 1 in Invocations
  1363 | D:2      | Reached skill level 1 in Fighting
  1363 | D:2      | Reached skill level 1 in Short Blades
  1363 | D:2      | Reached skill level 1 in Long Blades
  1363 | D:2      | Reached skill level 1 in Axes
  1363 | D:2      | Reached skill level 1 in Maces & Flails
  1363 | D:2      | Reached skill level 1 in Polearms
  1363 | D:2      | Reached skill level 1 in Staves
  1363 | D:2      | Reached skill level 1 in Slings
  1363 | D:2      | Reached skill level 1 in Bows
  1363 | D:2      | Reached skill level 1 in Crossbows
  1363 | D:2      | Reached skill level 1 in Throwing
  1363 | D:2      | Reached skill level 1 in Armour
  1363 | D:2      | Reached skill level 1 in Shields
  1363 | D:2      | Reached skill level 1 in Unarmed Combat
  1363 | D:2      | Reached skill level 1 in Evocations
  1575 | D:2      | Reached XP level 4. HP: 32/32 MP: 7/11
  1965 | D:2      | Found a hazy altar of Hepliaklqana.
  2041 | D:3      | Reached skill level 1 in Conjurations
  2041 | D:3      | Reached skill level 1 in Hexes
  2041 | D:3      | Reached skill level 1 in Summonings
  2041 | D:3      | Reached skill level 1 in Necromancy
  2041 | D:3      | Reached skill level 1 in Translocations
  2041 | D:3      | Reached skill level 1 in Transmutations
  2041 | D:3      | Reached skill level 1 in Fire Magic
  2041 | D:3      | Reached skill level 1 in Air Magic
  2041 | D:3      | Reached skill level 1 in Earth Magic
  2041 | D:3      | Reached skill level 1 in Poison Magic
  2057 | D:3      | Reached XP level 5. HP: 23/37 MP: 3/12
  2433 | D:3      | Noticed Natasha
  2441 | D:3      | Killed Natasha
  2494 | D:3      | Noticed Sigmund
  2501 | D:3      | Reached XP level 6. HP: 27/44 MP: 8/13
  2507 | D:3      | Slain by Sigmund

Illustrated notes

Levels and vault maps discovered:
D:1:      kennysheep_arrival_seaside, layout_loops_cross
D:2:      layout_loops_cross, nicolae_hepliaklqana_hazy_memory
D:3:      layout_basic, lemuel_round_altar, okawaru_trees_1,
          lemuel_another_geyser, uniq_sigmund, uniq_ijyb, uniq_natasha

Skill      XL: |  1  2  3  4 |
---------------+-------------+-----
Spellcasting   | 5 |  5.2
Invocations    | 1 |  1.9
Fighting       | 1 |  1.7
Short Blades   | 1 |  1.7
Long Blades    | 1 |  1.7
Axes           | 1 |  1.7
Maces & Flails | 1 |  1.7
Polearms       | 1 |  1.7
Staves         | 1 |  1.7
Slings         | 1 |  1.7
Bows           | 1 |  1.7
Crossbows      | 1 |  1.7
Throwing       | 1 |  1.7
Armour         | 1 |  1.7
Shields        | 1 |  1.7
Unarmed Combat | 1 |  1.7
Evocations     | 1 |  1.7
Conjurations   | 1 |  1.3
Hexes          | 1 |  1.3
Summonings     | 1 |  1.3
Necromancy     | 1 |  1.3
Translocations | 1 |  1.3
Transmutations | 1 |  1.3
Fire Magic     | 1 |  1.3
Air Magic      | 1 |  1.3
Earth Magic    | 1 |  1.3
Poison Magic   | 1 |  1.3
Dodging        | |  4.9
Stealth        | |  4.5
Ice Magic      | |  7.2

Action                   |  1- 3 |  4- 6 || total
-------------------------+-------+-------++-------
Melee: Dagger            |    16 |    16 ||    32
       Bite              |     1 |     2 ||     3
       War axe           |       |    15 ||    15
 Cast: Freeze            |    40 |     7 ||    47
       Frozen Ramparts   |     3 |    10 ||    13
       Ozocubu's Armour  |       |     1 ||     1
  Use: Scroll            |     2 |       ||     2
       Potion            |       |     5 ||     5
 Stab: Sleeping          |     6 |     2 ||     8
       Distracted        |     1 |       ||     1
Armor: Robe              |     1 |     5 ||     6
Dodge: Dodged            |    21 |    24 ||    45

Table legend: (Time is in decaauts)
 A = Elapsed time spent in this place.
 B = Non-inter-level travel time spent in this place.
 C = Inter-level travel time spent in this place.
 D = Time resting spent in this place.
 E = Time spent auto-exploring this place.
 F = Levels seen in this place.
 G = Mean time per level.
                   A        B        C        D        E       F      G
               +--------+--------+--------+--------+--------+-----+--------+
         Total |   2513 |   2439 |     74 |    169 |   1822 |   3 |  837.7 |
       Dungeon |   2513 |   2439 |     74 |    169 |   1822 |   3 |  837.7 |
               +--------+--------+--------+--------+--------+-----+--------+

Top non-repeatable levels by time:
     D:2: 1122 daAuts
     D:1: 1009 daAuts
     D:3: 381 daAuts
